 Dungeon Crawl Stone Soup version 0.24-a0-507-g3e8b242632 (webtiles) character file.

Game seed: 1813960789232287167

650 Gynju the Conjurer (level 7, -1/50 HPs)
             Began as a Red Draconian Conjurer on July 19, 2019.
             Was an Initiate of Vehumet.
             Slain by a gnoll
             ... wielding a +0 halberd
              (5 damage)
             ... on level 5 of the Dungeon.
             The game lasted 00:12:40 (5098 turns).

Gynju the Conjurer (Red Draconian Conjurer)         Turns: 5098, Time: 00:12:40

Health: -1/50      AC:  7    Str: 10    XL:     7   Next: 28%
Magic:  2/13       EV: 12    Int: 17    God:    Vehumet [......]
Gold:   214        SH:  5    Dex: 12    Spells: 8/14 levels left

rFire    + . .     SeeInvis .   x - +2 short sword (freeze)
rCold    . . .     Gourm    .   c - +0 buckler
rNeg     . . .     Faith    .   (armour unavailable)
rPois    .         Spirit   .   (helmet restricted)
rElec    .         Reflect  .   (no cloak)
rCorr    .         Harm     .   t - +0 pair of gloves
MR       .....                  (no boots)
Stlth    ++........             (no amulet)
HPRegen  0.16/turn              (no ring)
MPRegen  0.13/turn              (no ring)

@: lethally poisoned (-1 -> -31), very slightly contaminated
A: breathe fire, unfitting armour, fire resistance 1, cold-blooded, AC +6
a: Breathe Fire, Renounce Religion


You were on level 5 of the Dungeon.
You worshipped Vehumet.
Vehumet was noncommittal.
You were not hungry.

You visited 2 branches of the dungeon, and saw 6 of its levels.

You collected 214 gold pieces.

Inventory:

Hand Weapons
 r - a +0 dagger of venom
 x - a +2 short sword of freezing (weapon)
Missiles
 h - 202 stones (quivered)
 o - 40 sling bullets
 u - 12 poisoned darts
Armour
 c - a +0 buckler (worn)
 t - a +0 pair of gloves (worn)
Jewellery
 d - an uncursed ring of protection from magic {unknown}
 A - a +5 amulet of reflection {unknown}
Scrolls
 a - a scroll of amnesia {unknown}
 e - 2 scrolls of fog {unknown}
 g - a scroll of blinking {unknown}
 i - 4 scrolls of enchant weapon {unknown}
 j - 2 scrolls of teleportation {unknown}
 k - 2 scrolls of magic mapping {unknown}
 m - 2 scrolls of remove curse {unknown}
 p - 3 scrolls of immolation {unknown}
 q - 4 scrolls of identify {unknown}
 s - a scroll of noise {unknown}
 y - a scroll of enchant armour {unknown}
Potions
 f - 3 potions of lignification {unknown}
 l - 6 potions of curing {unknown}
 n - a potion of agility {unknown}
 v - a potion of might {unknown}
 z - a potion of cancellation {unknown}
 B - a potion of berserk rage {unknown}
Comestibles
 b - 8 rations
 w - 6 chunks of flesh


   Skills:
 - Level 1.7 Dodging
 - Level 1.7 Stealth
 - Level 4.0 Shields
 - Level 4.0 Spellcasting
 + Level 6.7 Conjurations


You had 8 spell levels left.
You knew the following spells:

 Your Spells              Type           Power        Failure   Level  Hunger
a - Magic Dart            Conj           ####         1%          1    None
b - Searing Ray           Conj           ####..       1%          2    ##.....
c - Dazzling Spray        Conj/Hex       ##....       12%         3    ###....

Your spell library contained the following spells:

 Spells                   Type           Power        Failure   Level  Hunger
 Iskenderun's Mystic Bla  Conj           ####....     10%         4    ####...
 Animate Skeleton         Necr           N/A          16%         1    None
 Apportation              Tloc           #.....       16%         1    None
 Confusing Touch          Hex            #.....       16%         1    None
 Summon Small Mammal      Summ           #...         16%         1    None
 Force Lance              Conj/Tloc      ##......     36%         4    ####...
 Fulminant Prism          Conj/Hex       ##........   36%         4    ####...


Dungeon Overview and Level Annotations

Branches:
Dungeon (5/15)             Temple (1/1) D:4

Altars:
Ashenzari
Cheibriados
Dithmenos
Elyvilon
Fedhas
Gozag
Hepliaklqana
Kikubaaqudgha
Makhleb
Okawaru
Ru
Trog
Vehumet
Xom
The Shining One

Shops:
D:4 }*!


Innate Abilities, Weirdness & Mutations

You can breathe blasts of fire.
Your fiery red scales are hard. (AC +6)
You cannot fit into any form of body armour.
Your flesh is heat resistant. (rF+)
You are cold-blooded and may be slowed by cold attacks.


Message History

You are more poisoned.
You hit the gnoll sergeant but do no damage.
The gnoll sergeant is heavily wounded.
You feel sick. The gnoll completely misses you.
The gnoll sergeant hits you with a +0 spear of venom.
* * * LOW HITPOINT WARNING * * *
You are more poisoned.
You closely miss the gnoll sergeant.
The gnoll sergeant is heavily wounded.
* * * LOW HITPOINT WARNING * * *
You feel very sick. The gnoll barely misses you.
The gnoll sergeant hits you with a +0 spear of venom!
* * * LOW HITPOINT WARNING * * *
You are more poisoned.
You hit the gnoll sergeant but do no damage.
The gnoll sergeant is heavily wounded.
* * * LOW HITPOINT WARNING * * *
You feel sick. The gnoll hits you with a +0 halberd.
You die...

#. #.## ..# ..#
#.# #.# #.####.#
#.##..@gg.#
#....g#####
#########.# #.#
#.......#.###.#
.............#
#...........#
#...#.#)#####.
####.#...).......#
.....##....#######


You could see a gnoll sergeant and 2 gnolls.

Vanquished Creatures
  A phantom (D:5)
  3 scorpions
  2 hounds (D:4)
  3 orc priests
  3 worker ants (D:4)
  A worker ant zombie (D:3)
  2 gnolls (D:5)
  5 adders
  A shadow imp (D:5)
  An adder skeleton (D:4)
  3 worms
  5 leopard geckos
  13 orcs
  A ball python (D:4)
  7 giant cockroaches
  11 hobgoblins
  6 jackals
  2 quokkas
  4 bats
  15 frilled lizards
  6 goblins
  4 kobolds
  8 rats
107 creatures vanquished.

Notes
Turn   | Place    | Note
-------+----------+-------------------------------------------
     0 | D:1      | Gynju the Draconian Conjurer began the quest for the Orb.
     0 | D:1      | Reached XP level 1. HP: 14/14 MP: 3/3
   421 | D:1      | You fall into a shaft and drop 1 floor!
   494 | D:2      | Reached XP level 2. HP: 20/20 MP: 0/5
   577 | D:2      | Reached skill level 1 in Shields
   654 | D:2      | Reached XP level 3. HP: 26/26 MP: 0/6
  1347 | D:2      | Learned a level 2 spell: Searing Ray
  1351 | D:2      | Learned a level 3 spell: Dazzling Spray
  1628 | D:1      | Reached XP level 4. HP: 25/33 MP: 1/8
  2417 | D:3      | Reached XP level 5. HP: 30/38 MP: 1/9
  2573 | D:3      | You fall into a shaft and drop 1 floor!
  2596 | D:4      | Found a burning altar of Makhleb.
  2602 | D:4      | Reached skill level 5 in Conjurations
  3015 | D:4      | Reached XP level 6. HP: 26/45 MP: 0/11
  3803 | D:4      | Found Gipnikke's General Store.
  4181 | D:4      | Found Meatso's Gadget Shop.
  4212 | D:4      | Reached skill level 6 in Conjurations
  4212 | D:4      | Your scales start taking on a fiery red colour.
  4212 | D:4      | Reached XP level 7. HP: 50/50 MP: 4/13
  4212 | D:4      | Gained mutation: Your flesh is heat resistant. (rF+) [Red
                  | Draconian growth]
  4326 | D:4      | Found an opulent altar of Gozag.
  4404 | D:4      | Found a staircase to the Ecumenical Temple.
  4469 | D:4      | Found Akaal's Distillery.
  4512 | Temple   | Entered the Ecumenical Temple
  4558 | Temple   | Became a worshipper of Vehumet
  4723 | D:5      | Entered Level 5 of the Dungeon
  4775 | D:5      | Found a bloodstained altar of Trog.
  5098 | D:5      | Slain by a gnoll

Levels and vault maps discovered:
D:1:      shiori_arrival_oz, layout_basic, minmay_lizard_king
D:2:      layout_rooms, first_ration, skrybe_limestone_x
D:3:      layout_basic
D:4:      layout_cave_pools, makhleb_blood_cavern_becter, temple_hall_moat,
          serial_shops, shop, nicolae_shop_behind_doors, shop,
          nicolae_gozag_cash_rules_everything_around_me
D:5:      layout_basic, lemuel_doored_altar, uniq_blork_the_orc
Temple:   cyrus_circular_temple

Skill      XL: |  1  2  3  4  5  6 |
---------------+-------------------+-----
Shields        | 1 2 3 4 |  4.0
Spellcasting   | 3 4 |  4.0
Conjurations   | 5 6 |  6.7
Dodging        | |  1.7
Stealth        | |  1.7

Action                   |  1- 3 |  4- 6 |  7- 9 || total
-------------------------+-------+-------+-------++-------
Melee: Unarmed           |     7 |       |       ||     7
       Spear             |    65 |     2 |       ||    67
       Tailslap          |     3 |     8 |     2 ||    13
       Dagger            |       |    19 |       ||    19
       Short sword       |       |    34 |    23 ||    57
Throw: Stone             |     1 |       |       ||     1
 Cast: Magic Dart        |    46 |   132 |    35 ||   213
       Searing Ray       |     4 |     2 |     1 ||     7
       Dazzling Spray    |       |     2 |     2 ||     4
 Stab: Sleeping          |     7 |       |       ||     7
       Invisible         |       |       |     2 ||     2
  Eat: Chunk             |     3 |     8 |     3 ||    14
Armor: Skin              |    20 |    15 |     5 ||    40
Dodge: Dodged            |    47 |    54 |    21 ||   122
Block: Buckler           |    10 |    12 |     4 ||    26

Table legend:
 A = Non-vault XP
 B = Vault XP
 C = Vault XP percentage of total XP
 D = Non-vault monster count
 E = Vault monster count
 F = Vault count percentage of total count
                 A         B        C        D         E       F
            +---------+---------+-------+---------+---------+-------
      Total |     869 |      60 |   6.5 |      92 |      15 |  14.0
            +---------+---------+-------+---------+---------+-------
        D:1 |      30 |      18 |  37.5 |      18 |      14 |  43.8
        D:2 |      60 |       0 |   0.0 |      19 |       0 |   0.0
        D:3 |     163 |       0 |   0.0 |      18 |       0 |   0.0
        D:4 |     425 |      42 |   9.0 |      27 |       1 |   3.6
        D:5 |     191 |       0 |   0.0 |      10 |       0 |   0.0
            +---------+---------+-------+---------+---------+-------
